 Dungeon Crawl Stone Soup version 0.31-a0-840-g6d2ecbb638 (webtiles) character file.

Game seed: 206835980520123568

43 BritishOli the Trooper (level 3, -4/29 HPs)
             Began as a Demonspawn Fighter on Sept 27, 2023.
             Slain by Robin
             ... wielding a +1 heavy mace
              (10 damage)
             ... on level 2 of the Dungeon.
             The game lasted 00:01:26 (805 turns).

BritishOli the Trooper (Demonspawn Fighter)          Turns: 805, Time: 00:01:27

Health: -4/29      AC:  6    Str: 18    XL:     3   Next: 37%
Magic:  3/3        EV:  9    Int:  9    God:
Gold:   42         SH:  4    Dex: 12    Spells: 2/2 levels left

rFire   . . .        a - +0 war axe
rCold   . . .        c - +0 buckler
rNeg    . . .        b - +0 scale mail
rPois   .            (no helmet)
rElec   .            (no cloak)
rCorr   .            (no gloves)
SInv    .            (no boots)
Will    .....        (no amulet) Stlth
                     (no ring)
HPRegen 0.24/turn    (no ring)
MPRegen 0.08/turn

%: no passive effects
@: no status effects
A: weakness stinger 1
a: no special abilities


You were on level 2 of the Dungeon.
You visited 1 branch of the dungeon, and saw 2 of its levels.

You collected 42 gold pieces.

Inventory:

Hand Weapons
 a - a +0 war axe (weapon)
Armour
 b - a +0 scale mail (worn)
 c - a +0 buckler (worn)
Scrolls
 e - a scroll of identify {unknown}
 f - 2 scrolls of teleportation {unknown}
 i - a scroll of blinking {unknown}
Potions
 d - a potion of might
 h - a potion of lignification {unknown}


   Skills:
 + Level 3.4 Fighting
 + Level 2.3 Axes
 + Level 3.0 Armour
 + Level 3.1 Shields


You had 2 spell levels left.
You didn't know any spells.
Your spell library contained the following spells:

 Spells                   Type           Power      Damage    Failure   Level
 Summon Guardian Golem    Hex/Summ       0%         N/A       99%         3
 Orb of Destruction       Conj           0%         9d5       100%        7
 Spellforged Servitor     Conj/Summ      0%         N/A       100%        7


Dungeon Overview and Level Annotations

Branches:
Dungeon (2/15)

Altars:

Shops:
D:1 *

Annotations:
D:2 Robin


Innate Abilities, Weirdness & Mutations

You have a small tail.


Message History

The adder poisons you! You block the adder's attack.
There are monsters nearby!
You barely miss the adder.
You feel sick. The adder bites you.
You are more poisoned.
The adder poisons you! The adder bites you.
There are monsters nearby!
There are monsters nearby!
You are too injured to fight recklessly!
There are monsters nearby!
You are too injured to fight recklessly!
There are monsters nearby!
You are too injured to fight recklessly!
There are monsters nearby!
You miss the adder.
You feel sick. The adder bites you but does no damage.
A goblin comes into view. It is wielding a +0 club.
A hobgoblin comes into view.
Robin roars a battlecry!
The goblin goes into a battle-frenzy!
You block the adder's attack.
The goblin moves out of view.
You hear a shout! x2
It was a potion of curing.
You feel better. You block the adder's attack.
You closely miss the adder. The adder misses you.
A hobgoblin comes into view.
The adder bites you but does no damage.
You closely miss the adder.
Your tail-slap misses the adder.
You block the adder's attack.
A goblin comes into view.
It is wielding a +1 dagger of holy wrath.
The adder bites you. Robin hits you but does no damage.
A goblin comes into view. It is wielding a +0 dagger.
You hit the adder.
Your tail-slap misses the adder.
The adder is moderately wounded.
You closely miss Robin. You block the adder's attack.
The adder bites you but does no damage. Robin hits you with a +1 heavy mace!
* * * LOW HITPOINT WARNING * * *
You closely miss the adder.
Your tail-slap misses the adder.
The adder is moderately wounded.
You hit Robin. The adder completely misses you.
The adder bites you but does no damage. Robin hits you with a +1 heavy mace!
You die...
Robin lets out a smug laugh.

#...# . #...## .#. ..
#..... ... . .##.....
.g.. .. .....g ...#
...##...##g#.#.
........S...... #. #.#
#..@gg.g... #. ##.#
#...†...... #..#..#
#..###.#### #.#
####..#..###..# # #.#
.............# #.#
####...#..###..### ##
#.# ..................
. #.####
.......#..###..###.##.
#.##<#
..........###..#
##.#####.##..


You could see Robin, an adder, 2 hobgoblins and 3 goblins.

Vanquished Creatures
  An adder (D:2)
  2 dart slugs (D:1)
  A ball python (D:1)
  An endoplasm (D:1)
  3 giant cockroaches (D:1)
  A goblin (D:2)
  2 hobgoblins
  4 jackals (D:2)
  2 kobolds
  2 bats
  3 frilled lizards (D:1)
  8 rats
30 creatures vanquished.

Notes
Turn   | Place    | Note
-------+----------+-------------------------------------------
     0 | D:1      | BritishOli the Demonspawn Fighter began the quest for the
                  | Orb.
     0 | D:1      | Reached XP level 1. HP: 18/18 MP: 1/1
    67 | D:1      | Found Kalo Upu's Assorted Antiques.
   131 | D:1      | Gained mutation: You have a small tail. [demonic ancestry]
   131 | D:1      | Reached XP level 2. HP: 24/24 MP: 2/2
   725 | D:2      | Reached XP level 3. HP: 29/29 MP: 3/3
   797 | D:2      | Noticed Robin
   805 | D:2      | Slain by Robin

Illustrated notes

Levels and vault maps discovered:
D:1:      orjb1_clovarrival, layout_rooms, serial_shops, shop,
          minmay_misc_feat_five, minivault_25, minivault_25, minivault_27,
          minmay_splitting_lines, hangedman_abyss_or_decor_lesser_grid
D:2:      layout_basic, minmay_misc_feat_chi, uniq_natasha, uniq_robin

Skill      XL: |  1  2 |
---------------+-------+-----
Axes           | 2 |  2.3
Shields        | 3 |  3.1
Armour         | 3 |  3.0
Fighting       | |  3.4

Action                     || total
---------------------------++-------
  Melee: War axe           ||    92
         Tailslap          ||     6
    Use: Potion            ||     1
 Armour: Scale mail        ||    82
  Dodge: Dodged            ||    44
  Block: Buckler           ||    15

Table legend: (Time is in decaauts)
 A = Elapsed time spent in this place.
 B = Non-inter-level travel time spent in this place.
 C = Inter-level travel time spent in this place.
 D = Time resting spent in this place.
 E = Time spent auto-exploring this place.
 F = Levels seen in this place.
 G = Mean time per level.
                   A        B        C        D        E       F      G
               +--------+--------+--------+--------+--------+-----+--------+
         Total |    860 |    834 |     26 |      0 |    612 |   2 |  430.0 |
       Dungeon |    860 |    834 |     26 |      0 |    612 |   2 |  430.0 |
               +--------+--------+--------+--------+--------+-----+--------+

Top non-repeatable levels by time:
     D:1: 648 daAuts
     D:2: 211 daAuts
